 Dungeon Crawl Stone Soup version 0.31.0-11-ge490571c62 (webtiles) character file.

Game seed: 15800684548946956650

2288 RepHenryClay the Poker (level 9, -6/70 HPs)
             Began as a Ghoul Monk on Jan 27, 2024.
             Was an Elder of Okawaru.
             Mangled by an orc wizard
             ... wielding a +0 dagger of electrocution
              (20 damage)
             ... on level 8 of the Dungeon.
             The game lasted 00:13:47 (6178 turns).

RepHenryClay the Poker (Ghoul Monk)                 Turns: 6178, Time: 00:13:48

Health: -6/70      AC:  9    Str: 19    XL:     9   Next: 39%
Magic:  4/4        EV: 11    Int:  9    God:    Okawaru [****..]
Gold:   336        SH:  0    Dex: 11    Spells: 8/8 levels left

rFire   . . .        x - +10 spear "Ylyne" {antimagic, rC+}
rCold   + + .        (no shield)
rNeg    + + +        o - +2 ring mail {Will+}
rPois   ∞            (no helmet)
rElec   .            (no cloak)
rCorr   .            h - +0 pair of gloves
SInv    .            (no boots)
Will    ++...        r - amulet of the acrobat
Stlth   +            g - ring of willpower
HPRegen 0.00/turn    (no ring)
MPRegen 0.09/turn

%: acrobat
@: inhibited regen
A: claws 1, cold resistance 1, negative energy resistance 3, inhibited
regeneration, torment resistance 2, devour on kill
a: Renounce Religion, Heroism, Finesse


You were on level 8 of the Dungeon.
You worshipped Okawaru.
Okawaru was greatly pleased with you.
You visited 2 branches of the dungeon, and saw 9 of its levels.

You collected 406 gold pieces.
You spent 70 gold pieces at shops.

Inventory:

Hand Weapons
 a - a +0 mace
 x - the +10 spear "Ylyne" (weapon) {antimagic, rC+}
   (You found it on level 7 of the Dungeon)

   rC+:       It protects you from cold.
 H - the +11 war axe "Veatef" {chaos, rC- rN++ Str+2 Stlth+}
   (You took it off a wight on level 7 of the Dungeon)

   Str+2:     It affects your strength (+2).
   rC-:       It makes you vulnerable to cold.
   rN++:      It greatly protects you from negative energy.
   Stlth+:    It makes you more stealthy.
Armour
 b - a +0 robe
 d - an orb of light
 e - a +0 leather armour
 h - a +0 pair of gloves (worn)
 o - a +2 ring mail of willpower (worn)
Jewellery
 g - a ring of willpower (left hand)
 m - an amulet of guardian spirit
 r - an amulet of the acrobat (around neck)
Wands
 y - a wand of digging (2)
 G - a wand of acid (16)
Scrolls
 i - 3 scrolls of noise
 j - a scroll of identify {@r1}
 l - 2 scrolls of teleportation
 n - 2 scrolls of fog
 p - 2 scrolls of revelation
 q - 2 scrolls of enchant armour
 v - a scroll of amnesia
 D - a scroll of immolation {unknown}
 F - a scroll of poison {unknown}
Potions
 c - 2 potions of ambrosia
 f - a potion of mutation {unknown}
 s - a potion of brilliance {unknown}
 t - a potion of might {unknown}
 u - 4 potions of degeneration {unknown}
 w - 3 potions of curing
 z - a potion of lignification {unknown}
 A - a potion of invisibility {unknown}
 B - a potion of haste {unknown}
 C - 2 potions of enlightenment {unknown}
 E - a potion of heal wounds {unknown}
 I - a potion of attraction {unknown}


   Skills:
 - Level 3.2 Fighting
 - Level 4.8 Maces & Flails
 + Level 6.7 Polearms
 + Level 5.2 Armour
 - Level 2.6 Dodging
 + Level 6.6 Invocations


You had 8 spell levels left.
You didn't know any spells.
Your spell library contained the following spells:

 Spells                   Type           Power      Damage    Failure   Level
 Ensorcelled Hibernation  Hex/Ice        0%         N/A       69%         2
 Passwall                 Erth           0%         N/A       89%         3
 Swiftness                Air            0%         N/A       89%         3


Dungeon Overview and Level Annotations

Branches:
Dungeon (8/15)             Temple (1/1) D:4            Lair (0/5) D:8

Altars:
Ashenzari
Cheibriados
Dithmenos
Fedhas
Gozag
Kikubaaqudgha
Makhleb
Nemelex Xobeh
Okawaru
Qazlal
Ru
Trog
Uskayaw
Vehumet
Wu Jian
Yredelemnul

Shops:
D:5 ?   D:8 !


Innate Abilities, Weirdness & Mutations

You are immune to poison.
You have sharp fingernails.
Your flesh is cold resistant. (rC+)
You are immune to negative energy. (rN+++)
You do not regenerate when monsters are visible.
You are immune to unholy pain and torment.
You thrive by killing the living.


Message History

You kill the orc priest!
Okawaru accepts your kill. Something hits you but does no damage.
You are electrocuted!
* * * LOW HITPOINT WARNING * * *
Something completely misses you.
Huge Dmg: -13%(-9hp) hp: 13%(9hp) Welcome back, RepHenryClay the Ghoul Monk.
Okawaru says: Bring me glory in combat!
Press ? for a list of commands and other information.
You feel better.
You hear some strange, mumbled words.
A magic dart appears from out of thin air!
Deactivating autopickup; reactivate with Ctrl-A.
The magic dart hits you.
* * * LOW HITPOINT WARNING * * *
Something hits you but does no damage.
As you read the scroll of fear, it crumbles to dust.
You assume a fearsome visage.
Things that are here:
a +0 flail; an orc corpse Reach: x) +10 spear "Ylyne" {antimagic, rC+}
Press: ? - help, Dir - move target, f - orc wizard
Aim: an orc wizard, wielding a +0 dagger of electrocution and wearing a +0 robe (about 30% to evade the +10 spear "Ylyne")
You reach to attack!
You puncture the orc wizard!
The orc wizard's magic leaks into the air.
The orc wizard is severely wounded.
You feel like a meek peon again.
Reach: x) +10 spear "Ylyne" {antimagic, rC+}
Press: ? - help, Dir - move target, f/p - orc wizard
Aim: an orc wizard, wielding a +0 dagger of electrocution and wearing a +0 robe (severely wounded, magic disrupted, about 33% to evade the +10 spear "Ylyne")
You reach to attack!
You closely miss the orc wizard.
The orc wizard is severely wounded.
You closely miss the orc wizard.
The orc wizard is severely wounded.
The orc wizard falters for a moment.
You closely miss the orc wizard.
The orc wizard is severely wounded.
The orc wizard hits you but does no damage.
You are electrocuted!!
You die...

#.................#
#....###..........#
#####.#...≈...#.......# .
#...##..#...#..#'######8 ..
#<..##.##.PP##.#........ ...
#...##...P.....#........
.~.~#...##≈...>PP.≈#.{......
≈≈.~≈...##..P.P....#........
≈≈∩~≈...##@##P.P##.#........
.≈≈≈≈≈...'#o.#...#..#........
..≈≈≈#+###.#...≈...#))....~..
..............###....########
..............[.{....#
..............#######
.......###### +#..... +.....


You could see an orc wizard (magic disrupted).

Vanquished Creatures
  2 wyverns
  A steam dragon (D:7)
  A water moccasin (D:4)
  2 black bears (D:6)
  A sky beast (D:8)
  2 ice beasts
  2 ogres (D:6)
  A centaur (D:5)
  A phantom (D:5)
  A bullfrog (D:6)
  A scorpion (D:6)
  3 wights (D:7)
  5 killer bees (D:7)
  2 bombardier beetles (D:4)
  2 hounds
  3 orc priests
  An iguana (D:4)
  Ijyb (D:3)
  3 orc wizards
  3 adders
  A white imp (D:6)
  A ribbon worm (D:4)
  3 dart slugs
  24 orcs
  7 endoplasms
  A giant cockroach (D:2)
  7 goblins
  3 hobgoblins
  4 jackals (D:4)
  8 quokkas
  2 ball pythons
  4 bats
  A frilled lizard (D:1)
  6 kobolds
  6 rats
116 creatures vanquished.

Vanquished Creatures (others)
  A sleepcap (D:5)
1 creature vanquished.

Grand Total: 117 creatures vanquished

Notes
Turn   | Place    | Note
-------+----------+-------------------------------------------
     0 | D:1      | RepHenryClay the Ghoul Monk began the quest for the Orb.
     0 | D:1      | Reached XP level 1. HP: 19/19 MP: 1/1
   234 | D:1      | Reached XP level 2. HP: 26/26 MP: 2/2
   256 | D:1      | Reached skill level 1 in Armour
   753 | D:2      | Reached XP level 3. HP: 31/31 MP: 3/3
  1547 | D:3      | Found a stormy altar of Qazlal.
  1587 | D:3      | Noticed Ijyb
  1624 | D:3      | Killed Ijyb
  1625 | D:3      | Reached XP level 4. HP: 30/38 MP: 4/4
  1930 | D:3      | Reached XP level 5. HP: 45/45 MP: 5/5
  2033 | D:4      | Found a staircase to the Ecumenical Temple.
  2041 | Temple   | Entered the Ecumenical Temple
  2072 | Temple   | Became a worshipper of Warmaster Okawaru
  2072 | Temple   | Reached * piety under Okawaru
  2072 | Temple   | Reached ** piety under Okawaru
  2116 | D:4      | You fall into a shaft and drop 3 floors!
  2121 | D:7      | Noticed a steam dragon
  2125 | D:7      | Killed a steam dragon
  2126 | D:7      | Reached XP level 6. HP: 49/51 MP: 6/6
  2156 | D:7      | Identified the +10 spear "Ylyne" {antimagic, rC+}
  2228 | D:6      | Noticed a black bear
  2255 | D:6      | Killed a black bear
  2279 | D:6      | Reached XP level 7. HP: 22/57 MP: 2/7
  2415 | D:5      | Entered Level 5 of the Dungeon
  2431 | D:5      | Reached *** piety under Okawaru
  2767 | D:4      | Reached skill level 1 in Invocations
  3643 | D:5      | Found Wiuneist's Magic Scroll Boutique.
  3649 | D:5      | Bought a scroll of identify for 20 gold pieces
  3649 | D:5      | Bought a scroll of identify for 20 gold pieces
  3649 | D:5      | Bought a scroll of identify for 20 gold pieces
  3649 | D:5      | Bought a scroll of noise for 10 gold pieces
  3714 | D:5      | Reached XP level 8. HP: 63/63 MP: 3/10
  3994 | D:5      | Reached skill level 5 in Polearms
  4342 | D:6      | Identified the amulet "Tuilae" {Acrobat -Cast rPois rN+++
                  | Dex-5}
  4424 | D:6      | Reached **** piety under Okawaru
  4832 | D:6      | Reached skill level 5 in Invocations
  5592 | D:7      | Noticed a wyvern
  5603 | D:7      | Killed a wyvern
  5604 | D:7      | Reached XP level 9. HP: 51/70 MP: 4/13
  5841 | D:7      | Identified the +11 war axe "Veatef" {chaos, rC- rN++ Str+2
                  | Stlth+}
  6084 | D:8      | Found Zetyb's Distillery.
  6094 | D:8      | Found a staircase to the Lair.
  6124 | D:8      | Reached skill level 5 in Armour
  6178 | D:8      | Mangled by an orc wizard

Illustrated notes

Levels and vault maps discovered:
D:1:      spicycebolla_arrival_ecumenical, layout_loops_ring,
          grunt_decor_one_mirror
D:2:      layout_basic
D:3:      layout_rooms, nicolae_qazlal_general_emergency, minmay_surrounded,
          uniq_ijyb
D:4:      layout_layer_cave, minmay_temple_entry_gardened_gates, dk_vineyard_2,
          roderic_malta_cross
D:5:      layout_gridville, serial_shops,
          nicolae_shop_temple_entry_statues_fountains, minmay_holes
D:6:      layout_layer_cave
D:7:      layout_basic
D:8:      layout_gridville, regret_index_temple_of_mockery, dpeg_oklobed_lair,
          serial_undead, serial_undead_d, serial_undead_c, serial_undead_a,
          serial_undead_c, serial_shops, nicolae_shop_waterfront,
          serial_bayou_pond_d, uniq_gastronok
Temple:   minmay_crystal_spiral_temple

Skill      XL: |  1  2  3  4  5  6  7  8  9 |
---------------+----------------------------+-----
Maces & Flails | 3 4 |  4.8
Armour         | 1 2 3 4 5 |  5.2
Polearms       | 2 4 6 |  6.7
Invocations    | 3 5 6 |  6.6
Fighting       | |  3.2
Dodging        | |  2.6

Action                     |  1- 3 |  4- 6 |  7- 9 || total
---------------------------+-------+-------+-------++-------
  Melee: Mace              |    74 |    57 |       ||   131
         Spear             |       |    18 |   222 ||   240
 Invoke: Heroism           |       |       |     2 ||     2
  Evoke: Wand              |       |     5 |       ||     5
    Use: Scroll            |       |       |     7 ||     7
         Potion            |       |       |     3 ||     3
 Armour: Leather armour    |    19 |       |       ||    19
         Robe              |     2 |       |       ||     2
         Ring mail         |    22 |    59 |   112 ||   193
  Dodge: Dodged            |    39 |    71 |   104 ||   214
